 Dungeon Sprint DCSS version 0.29-a0-824-gd827844252 (webtiles) character file.

Game seed: 10830494837577227980

1914 mhtbhm the Fighter (level 8, -4/83 HPs)
             Began as a Minotaur Fighter on July 10, 2022.
             Was a Believer of Makhleb.
             Killed from afar by a deep elf pyromancer (24 damage)
             ... with a bolt of fire
             ... in the Dungeon (Sprint IX: "|||||||||||||||||||||||||||||").
             The game lasted 00:01:01 (619 turns).

mhtbhm the Fighter (Minotaur Fighter)                Turns: 619, Time: 00:01:01

Health: -4/83      AC: 15    Str: 24    XL:     8   Next: 95%
Magic:  7/7        EV: 11    Int:  7    God:    Makhleb [**....]
Gold:   0          SH:  7    Dex: 12    Spells: 7/7 levels left

rFire   . . .      SeeInvis +   a - +2 morningstar "Sarcophage" {freeze, *Noise rPois Int+2 SInv}
rCold   . . .      Faith    .   c - +0 buckler
rNeg    . . .      Spirit   .   b - +1 scale mail
rPois   +          Reflect  .   (helmet restricted)
rElec   .          Harm     .   m - +0 cloak
rCorr   .          Rampage  .   (no gloves)
Will    .....      NoTele   +   n - +0 pair of boots
Stlth   +.........              (no amulet)
HPRegen 0.23/turn               o - +2 ring of protection
MPRegen 0.10/turn               p - +3 ring of dexterity

@: no status effects
A: horns 2, retaliatory headbutt
a: Renounce Religion, Minor Destruction


You were in the Dungeon.
You worshipped Makhleb.
Makhleb was pleased with you.
You visited 1 branch

Inventory:

Hand Weapons
 a - the +2 morningstar "Sarcophage" (weapon) {freeze, *Noise rPois Int+2 SInv}
   (You found it in the Dungeon)

   It freezes those it strikes, dealing additional cold damage.
   It can also slow down cold-blooded creatures.
   Int:       It affects your intelligence (+2).
   rPois:     It protects you from poison.
   SInv:      It lets you see invisible.
   *Noise:    It may make noises in combat.
Armour
 b - a +1 scale mail (worn)
 c - a +0 buckler (worn)
 m - a +0 cloak (worn)
 n - a +0 pair of boots (worn)
Jewellery
 o - a +2 ring of protection (left hand)
 p - a +3 ring of dexterity (right hand)
Wands
 l - a wand of light (7)
Scrolls
 j - 2 scrolls of blinking
 k - 2 scrolls of amnesia
Potions
 d - a potion of might
 e - 4 potions of curing
 f - a potion of invisibility
 g - a potion of haste
 h - 4 potions of magic
 i - a potion of heal wounds


   Skills:
 + Level 12.2 Fighting
 + Level 11.9 Maces & Flails
 + Level 12.2 Armour
 + Level 4.1 Dodging
 + Level 3.9 Stealth
 + Level 11.4 Shields
 + Level 1.1 Evocations


You had 7 spell levels left.
You didn't know any spells.
Your spell library was empty.

Dungeon Overview and Level Annotations

Branches:
Dungeon (1/1)

Altars:
Cheibriados
Dithmenos
Elyvilon
Fedhas
Gozag
Hepliaklqana
Kikubaaqudgha
Makhleb
Nemelex Xobeh
Okawaru
Qazlal
Ru
Sif Muna
Trog
Uskayaw
Vehumet
Wu Jian
Xom
Yredelemnul
Zin
The Shining One
Jiyva
Lugonu


Innate Abilities, Weirdness & Mutations

You have a pair of horns on your head.
You reflexively headbutt those who attack you in melee.


Message History

You destroy the fire elemental!
The fire elemental disappears in a puff of smoke!
Unknown command.
Unknown command.
Aiming: Bolt of Light
Press: ? - help, Shift-Dir - straight line, f - deep elf pyromancer
Aim: a deep elf pyromancer, wielding a +0 dagger and wearing a +0 ring mail (64% to hit)
The bolt of light hits the deep elf pyromancer.
The deep elf pyromancer is lightly wounded.
The deep elf pyromancer is blinded.
The bolt of light hits the slime creature!!
The slime creature is moderately wounded.
The slime creature is blinded.
The slime creature jiggles.
The deep elf pyromancer casts a spell at you.
The sticky flame hits you.
You are covered in liquid flames!
Unknown command.
You are covered in liquid flames!
There is an open door, spattered with blood here.
Things that are here:
+0 acid dragon scales; a troll corpse; an acid dragon corpse Unknown command.
You are covered in liquid flames!
You are no longer corroded.
You block the deep elf pyromancer's attack.
You catch the helpless deep elf pyromancer completely off-guard!
You bludgeon the deep elf pyromancer!! You freeze the deep elf pyromancer.
The deep elf pyromancer is almost dead.
You are covered in liquid flames!
* * * LOW HITPOINT WARNING * * *
You are no longer on fire.
The deep elf pyromancer points at you and mumbles some strange words.
The bolt of fire hits you!
* * * LOW HITPOINT WARNING * * *
Unknown command.
You feel better.
The deep elf pyromancer casts a spell at you.
The bolt of fire hits you!!
You die... ▓▓▓▓▓▓▓▓▓▓▓▓▓▓▓▓▓▓▓▓▓▓▓ .)..[...)).....[@eJT..+ ▓▓▓▓▓▓▓▓▓▓▓▓▓▓▓▓▓▓▓▓▓▓▓

You could see a slime creature (blind), a deep elf pyromancer (blind) and a troll.

Vanquished Creatures
  2 two-headed ogres (D)
  A troll (D)
  A steam dragon (D)
  A basilisk (D)
  An acid dragon (D)
  A black bear (D)
  A kobold brigand (D)
  An adder (D)
  A shadow imp (D)
  2 white imps (D)
  2 dart slugs (D)
  A goblin (D)
  A jackal (D)
  A kobold (D)
17 creatures vanquished.

Vanquished Creatures (others)
  A troll (D)
  A yak (D)
2 creatures vanquished.

Grand Total: 19 creatures vanquished

Notes
Turn   | Place    | Note
-------+----------+-------------------------------------------
     0 | D        | mhtbhm the Minotaur Fighter began the quest for the Orb.
     0 | D        | Reached XP level 1. HP: 19/19 MP: 0/0
    13 | D        | Reached XP level 2. HP: 28/28 MP: 1/1
   115 | D        | Noticed a black bear
   123 | D        | Reached skill level 5 in Fighting
   134 | D        | Reached skill level 5 in Armour
   134 | D        | Reached skill level 5 in Shields
   136 | D        | Reached XP level 3. HP: 31/36 MP: 2/2
   142 | D        | Killed a black bear
   143 | D        | Reached skill level 5 in Maces & Flails
   143 | D        | Reached skill level 1 in Dodging
   143 | D        | Reached XP level 4. HP: 31/47 MP: 3/3
   148 | D        | Found a snail-covered altar of Cheibriados.
   148 | D        | Found a shadowy altar of Dithmenos.
   148 | D        | Found a white marble altar of Elyvilon.
   148 | D        | Found a blossoming altar of Fedhas.
   148 | D        | Found an opulent altar of Gozag.
   149 | D        | Found a hazy altar of Hepliaklqana.
   150 | D        | Found a viscous altar of Jiyva.
   151 | D        | Found an ancient bone altar of Kikubaaqudgha.
   152 | D        | Found a corrupted altar of Lugonu.
   153 | D        | Found a burning altar of Makhleb.
   154 | D        | Found a sparkling altar of Nemelex Xobeh.
   155 | D        | Found an iron altar of Okawaru.
   156 | D        | Found a stormy altar of Qazlal.
   157 | D        | Found a sacrificial altar of Ru.
   165 | D        | Found a shimmering blue altar of Sif Muna.
   166 | D        | Found a bloodstained altar of Trog.
   167 | D        | Found a hide-covered altar of Uskayaw.
   168 | D        | Became a worshipper of Makhleb the Destroyer
   169 | D        | Found a radiant altar of Vehumet.
   170 | D        | Found an ornate altar of the Wu Jian Council.
   171 | D        | Found a shimmering altar of Xom.
   172 | D        | Found a basalt altar of Yredelemnul.
   173 | D        | Found a glowing silver altar of Zin.
   174 | D        | Found a glowing golden altar of the Shining One.
   290 | D        | Got the +2 morningstar "Sarcophage" {freeze, *Noise rPois
                  | Int+2 SInv}
   328 | D        | Noticed a kobold brigand
   328 | D        | Noticed a two-headed ogre
   328 | D        | Noticed a yak
   328 | D        | Noticed a troll
   328 | D        | Noticed a steam dragon
   328 | D        | Noticed a two-headed ogre
   333 | D        | Killed a kobold brigand
   334 | D        | Reached XP level 5. HP: 19/53 MP: 4/4
   338 | D        | Killed a two-headed ogre
   339 | D        | Reached skill level 10 in Fighting
   339 | D        | Reached skill level 10 in Armour
   339 | D        | Reached skill level 10 in Shields
   339 | D        | Reached XP level 6. HP: 63/67 MP: 5/5
   339 | D        | Reached XP level 7. HP: 68/73 MP: 6/6
   340 | D        | Killed a troll
   340 | D        | Killed a yak
   341 | D        | Reached skill level 10 in Maces & Flails
   341 | D        | Reached XP level 8. HP: 73/82 MP: 7/7
   344 | D        | Killed a two-headed ogre
   344 | D        | Reached * piety under Makhleb
   345 | D        | Reached skill level 1 in Evocations
   599 | D        | Noticed a troll
   599 | D        | Noticed a deep elf pyromancer
   599 | D        | Noticed a slime creature
   599 | D        | Noticed a troll
   608 | D        | Reached ** piety under Makhleb
   612 | D        | Killed a troll
   619 | D        | Killed from afar by a deep elf pyromancer

Illustrated notes

Levels and vault maps discovered:
D:        linesprint [early_d, line_temple, items_1, d_10, items_2, lair_1,
          lair_end, items_3, orc_1, orc_end, items_4, d_15, swamp_1, shoals_1,
          snake_1, spider_1, d_20, vaults_1, items_5, swamp_end, shoals_end,
          snake_end, spider_end, vaults_end, d_27, items_6, zot_1, zot_end,
          crypt_end, forest_end, elf_end, slime_end, tomb_end, abyss_end,
          pan_hell_end]

Skill      XL: |  1  2  3  4  5  6  7  8 |
---------------+-------------------------+-----
Fighting       | 4 5 7 8 10 11 12 | 12.2
Armour         | 4 5 7 10 11 12 | 12.2
Shields        | 4 5 7 10 11 | 11.4
Maces & Flails | 3 5 6 9 10 11 | 11.9
Dodging        | 1 3 4 |  4.1
Stealth        | 2 3 |  3.9
Evocations     | 1 |  1.1

Action                   |  1- 3 |  4- 6 |  7- 9 || total
-------------------------+-------+-------+-------++-------
Melee: Flail             |    36 |       |       ||    36
       Headbutt          |     4 |       |    10 ||    14
       Morningstar       |       |     7 |    24 ||    31
Evoke: Wand              |       |     2 |     1 ||     3
  Use: Potion            |     2 |     1 |     1 ||     4
 Stab: Invisible         |       |     2 |     1 ||     3
Armor: Scale mail        |    18 |       |     4 ||    22
Dodge: Dodged            |    14 |     5 |    13 ||    32
Block: Buckler           |     6 |     2 |     5 ||    13

Table legend: (Time is in decaauts)
 A = Elapsed time spent in this place.
 B = Non-inter-level travel time spent in this place.
 C = Inter-level travel time spent in this place.
 D = Time resting spent in this place.
 E = Time spent auto-exploring this place.
 F = Levels seen in this place.
 G = Mean time per level.
                   A        B        C        D        E       F      G
               +--------+--------+--------+--------+--------+-----+--------+
         Total |    631 |    631 |      0 |    442 |      3 |   1 |  631.0 |
       Dungeon |    631 |    631 |      0 |    442 |      3 |   1 |  631.0 |
               +--------+--------+--------+--------+--------+-----+--------+

Top non-repeatable levels by time:
       D: 631 daAuts
